Description

1/1 STIM TIMING

Build Order

Get SALT Encoding   

  15  0:29  Refinery  
  16  0:47  Barracks  
  19  1:31  Orbital Command  
  20  1:32  Marine  
  20  1:44  Command Center  
  20  1:52  Barracks Reactor  
  20  2:00  Factory  
  22  2:15  Refinery  
  24  2:32  Marine x2  
  26  2:44  Widow Mine, Starport  
  29  2:51  Marine  
  31  3:00  Orbital Command  
  32  3:15  Widow Mine  
  35  3:20  Viking  
  39  3:29  Barracks  
  39  3:38  Barracks  
  39  3:46  Starport Tech Lab, Factory Tech Lab  
  39  3:49  Engineering Bay  
  41  4:00  Marine x2  
  45  4:09  Action  MOVE FACT/STAR
  45  4:15  Factory Reactor, Starport Reactor, Terran Infantry Weapons Level 1  
  45  4:20  Marine x2  
  47  4:25  Action  MOVE BARRACKS
  49  4:23  Stimpack  
  52  4:30   Combat Shields  
  52  4:30  Action  PRODUCE TROOPS/DEPO
  81  5:00  Action  MOVE OUT
Spawning Tool Build Advisor. Get it on Overwolf

Go to:

Details

  • Created by: imagrinchyoazz
  • Published on: Aug 07, 2017
  • Modified on: Aug 07, 2017
  • Patch: 3.8.0
Show
View Real Time Build Order
Export as new Build Order

Comments (0)

There are no comments. Be the first!

Create an account to comment!